 Dungeon Crawl Stone Soup version 0.31-a0-640-g39d97e502b (webtiles) character file.

Game seed: 16242168673814949902

534 qw the Shooter (level 7, -6/43 HPs)
             Began as a Gargoyle Hunter on Aug 27, 2023.
             Mangled by Crazy Yiuf
             ... wielding a +3 quarterstaff of chaos
              (11 damage)
             ... on level 4 of the Dungeon.
             The game lasted 00:01:15 (2976 turns).

qw the Shooter (Gargoyle Hunter)                    Turns: 2976, Time: 00:01:16

Health: -6/43      AC: 10    Str: 15    XL:     7   Next: 25%
Magic:  7/7        EV: 11    Int:  9    God:
Gold:   228        SH:  0    Dex: 15    Spells: 6/6 levels left

rFire   . . .        i - +1 shortbow (heavy)
rCold   . . .        (shield currently unavailable)
rNeg    + . .        d - +0 ring mail
rPois   inf          (no helmet)
rElec   +            (no cloak)
rCorr   .            (no gloves)
SInv    .            (no boots)
Will    .....        j - amulet of regeneration
Stlth   +            (no ring)
HPRegen 1.07/turn    (no ring)
MPRegen 0.10/turn

%: no passive effects
@: about to teleport
A: sickness immunity, AC +4, negative energy resistance 1, electricity
resistance, torment resistance 1, petrification resistance
a: no special abilities


You were on level 4 of the Dungeon.
You visited 2 branches of the dungeon, and saw 5 of its levels.

You collected 294 gold pieces.
You spent 66 gold pieces at shops.


Innate Abilities, Weirdness & Mutations

You are immune to sickness and miasma.
Your stone body is resilient. (AC +4)
You are immune to poison.
You resist negative energy. (rN+)
You are resistant to electric shocks. (rElec)
You are resistant to unholy torment.
You are immune to petrification.


   Skills:
 - Level 4.0 Fighting
 + Level 7.7 Ranged Weapons
 - Level 1.4 Armour
 - Level 1.5 Dodging
 - Level 1.1 Stealth


You had 6 spell levels left.
You didn't know any spells.
Your spell library was empty.

Inventory:

Hand Weapons
 i - a +1 heavy shortbow (weapon)
Armour
 b - a +0 pair of gloves
 d - a +0 ring mail (worn)
Jewellery
 j - an amulet of regeneration (around neck)
Scrolls
 c - a scroll of brand weapon
 h - a scroll of identify
Potions
 a - a potion of curing {unknown}
 e - a potion of might
 f - a potion of cancellation
 k - a potion of enlightenment
 m - a potion of berserk rage {unknown}

Dungeon Overview and Level Annotations

Branches:
Dungeon (4/15)             Temple (1/1) D:4

Altars:
Cheibriados
Dithmenos
Elyvilon
Fedhas
Kikubaaqudgha
Makhleb
Nemelex Xobeh
Ru
Sif Muna
Trog
Uskayaw
Vehumet
Xom
Yredelemnul
Zin
The Shining One

Shops:
D:1 ?[=   D:3 [

Annotations:
D:1 2 transporters
D:4 1 runed translucent door, Crazy Yiuf, Duvessa


Message History

The arrow hits Duvessa but does no damage.
Duvessa hits you with a +0 short sword. x2
You shoot an arrow.
The arrow hits Duvessa but does no damage.
Duvessa completely misses you. Duvessa hits you with a +0 short sword.
Duvessa barely misses you.
You shoot an arrow. The arrow hits Duvessa.
Duvessa is lightly wounded.
Duvessa closely misses you. Duvessa hits you with a +0 short sword!
You shoot an arrow. The arrow hits Duvessa!
Duvessa is lightly wounded.
Duvessa hits you with a +0 short sword! x2
Duvessa hits you with a +0 short sword.
You shoot an arrow. The arrow hits Duvessa!
Duvessa is moderately wounded.
Duvessa hits you with a +0 short sword! Duvessa barely misses you.
2971 ||| READING 2 scrolls of teleportation.
As you read the scroll of teleportation, it crumbles to dust.
You feel strangely unstable. Duvessa hits you with a +0 short sword.
Duvessa barely misses you.
2972 ||| DRINKING potion of heal wounds.
You feel much better. Duvessa hits you with a +0 short sword!
You shoot an arrow. The arrow completely misses Duvessa.
Duvessa hits you with a +0 short sword! Duvessa hits you with a +0 short sword.
Duvessa misses you.
You shoot an arrow. The arrow hits Duvessa!
Duvessa is heavily wounded.
Your surroundings suddenly seem different.
Crazy Yiuf whimpers, "Cake stair shoe!"
Crazy Yiuf hits you with a +3 quarterstaff of chaos!
Crazy Yiuf freezes you.
2975 ||| READING scroll of teleportation.
As you read the scroll of teleportation, it crumbles to dust.
You feel strangely unstable. Crazy Yiuf hits you but does no damage.
You shoot an arrow. The arrow barely misses Crazy Yiuf.
Crazy Yiuf closely misses you.
Crazy Yiuf hits you with a +3 quarterstaff of chaos!
You die...

...####.....#
#.......###...## #.
...##.......#
#........###...###.
....).......#
#.............<.#.[
#.....#######
########....)......
#...).# ###.........
##....# ##........
#.....##77 #####
##..)....
..#.#....77 77#..)#
#.......
.##......P7777.+@..#
##......
#####...P..7..7#g..#
### ###..... #
##....7.777#####
#.###....###
###77777 #........#
#........#
##........#
#.........#
###.......###
##........#


You could see Crazy Yiuf.

Vanquished Creatures
  An ogre (D:4)
  A scorpion (D:4)
  Dowan (D:4)
  A hound (D:3)
  A sleepcap (D:4)
  Natasha (thrice) (D:2)
  An iguana (D:3)
  4 gnolls (D:4)
  7 adders
  An ufetubus (D:4)
  A dart slug (D:1)
  4 orcs
  7 endoplasms
  5 giant cockroaches
  7 goblins
  7 hobgoblins
  7 jackals (D:1)
  2 quokkas
  10 ball pythons
  4 bats
  4 frilled lizards
  7 kobolds
  8 rats
94 creatures vanquished.

Notes
Turn   | Place    | Note
-------+----------+-------------------------------------------
     0 | D:1      | qw the Gargoyle Hunter began the quest for the Orb.
     0 | D:1      | Reached XP level 1. HP: 12/12 MP: 1/1
     0 | D:1      | 0 ||| qw: Version: 0.3-a-74-g0d5e918
     0 | D:1      | 0 ||| qw: Game counter: 52
     0 | D:1      | 0 ||| qw: Melee chars always use a shield: true
     0 | D:1      | 0 ||| qw: God list: Okawaru
     0 | D:1      | 0 ||| qw: Allow faded altars: false
     0 | D:1      | 0 ||| qw: Do Orc after clearing Dungeon:15 true
     0 | D:1      | 0 ||| qw: Do second Lair branch before Depths: true
     0 | D:1      | 0 ||| qw: Lair rune preference: random
     0 | D:1      | 0 ||| qw: Goals: Normal
     0 | D:1      | 0 ||| PLANNING D:1-11
   191 | D:1      | Reached XP level 2. HP: 17/17 MP: 2/2
   230 | D:1      | Found Soagis's Magic Scroll Emporium.
   235 | D:1      | 235 ||| SHOPLISTING scroll of brand weapon (104 gold, have
                  | 66).
   235 | D:1      | 235 ||| BUYING scroll of identify (22 gold).
   235 | D:1      | Bought a scroll of identify for 22 gold pieces
   235 | D:1      | 235 ||| BUYING scroll of identify (22 gold).
   235 | D:1      | Bought a scroll of identify for 22 gold pieces
   235 | D:1      | 235 ||| BUYING scroll of identify (22 gold).
   235 | D:1      | Bought a scroll of identify for 22 gold pieces
   235 | D:1      | 235 ||| SHOPLISTING scroll of identify (22 gold, have 0).
   235 | D:1      | 235 ||| SHOPLISTING scroll of teleportation (33 gold, have
                  | 0).
   302 | D:1      | Found Qesycsuv's Antique Armour Shoppe.
   317 | D:1      | 317 ||| SHOPLISTING helmet (126 gold, have 0).
   317 | D:1      | 317 ||| SHOPLISTING pair of boots (126 gold, have 0).
   317 | D:1      | 317 ||| SHOPLISTING pair of embroidered gloves (210 gold,
                  | have 0).
   383 | D:1      | Found a transporter.
   383 | D:1      | Found Yxoil's Jewellery Boutique.
   423 | D:1      | Found a transporter.
   556 | D:1      | Reached XP level 3. HP: 19/21 MP: 3/3
   582 | D:1      | Reached skill level 5 in Ranged Weapons
   631 | D:1      | 631 ||| UPGRADING to amulet of regeneration.
   636 | D:1      | 636 ||| READING scroll labelled ETUREB WULL.
   637 | D:1      | 637 ||| READING scroll labelled GAF OGYUTI.
   638 | D:1      | 638 ||| READING scroll labelled DYRROAT JURUG.
   639 | D:1      | 639 ||| READING scroll labelled RIRA XAHUIQO.
   640 | D:1      | 640 ||| READING 3 scrolls of identify.
   640 | D:1      | 640 ||| IDENTIFYING sedimented silvery potion
   641 | D:1      | 641 ||| READING 2 scrolls of identify.
   641 | D:1      | 641 ||| IDENTIFYING white potion
   642 | D:1      | 642 ||| DROPPING scroll of butterflies.
   643 | D:1      | 643 ||| DROPPING potion of degeneration.
   863 | D:2      | Reached skill level 3 in Fighting
   890 | D:2      | Noticed Natasha
   894 | D:2      | Killed Natasha
   895 | D:2      | Reached XP level 4. HP: 28/28 MP: 4/4
   930 | D:2      | Noticed Natasha
   940 | D:2      | Killed Natasha
  1311 | D:2      | Noticed Natasha
  1313 | D:2      | 1313 ||| Stepping ~*~*~tactically~*~*~ (outnumbered).
  1316 | D:2      | 1316 ||| Stepping ~*~*~tactically~*~*~ (outnumbered).
  1322 | D:2      | 1322 ||| Stepping ~*~*~tactically~*~*~ (retreating).
  1323 | D:2      | 1323 ||| Stepping ~*~*~tactically~*~*~ (retreating).
  1324 | D:2      | 1324 ||| Stepping ~*~*~tactically~*~*~ (retreating).
  1325 | D:2      | 1325 ||| Stepping ~*~*~tactically~*~*~ (retreating).
  1326 | D:2      | 1326 ||| Stepping ~*~*~tactically~*~*~ (retreating).
  1327 | D:2      | 1327 ||| Stepping ~*~*~tactically~*~*~ (retreating).
  1328 | D:2      | Killed Natasha
  1329 | D:2      | Reached skill level 6 in Ranged Weapons
  1329 | D:2      | Reached XP level 5. HP: 14/32 MP: 5/5
  1473 | D:2      | 1473 ||| UPGRADING to +0 ring mail.
  1483 | D:2      | 1483 ||| DROPPING +0 leather armour.
  1484 | D:2      | 1484 ||| DROPPING +6 ring of intelligence.
  1485 | D:2      | 1485 ||| READING scroll labelled GOCZIW TANGYA.
  1486 | D:2      | 1486 ||| READING scroll labelled OLERCHYCKUO.
  1487 | D:2      | 1487 ||| DRINKING 2 pink potions.
  1535 | D:3      | Reached skill level 1 in Armour
  1551 | D:3      | Found Qaamoucu's Armour Boutique.
  1562 | D:3      | 1562 ||| SHOPLISTING +0 robe of the Quahog {SInv} (119
                  | gold, have 66).
  1562 | D:3      | 1562 ||| SHOPLISTING +2 leather armour of poison resistance
                  | (160 gold, have 66).
  1562 | D:3      | 1562 ||| SHOPLISTING scarf of resistance (320 gold, have
                  | 66).
  1592 | D:3      | Found an ancient bone altar of Kikubaaqudgha.
  1671 | D:3      | Found a basalt altar of Yredelemnul.
  1827 | D:3      | Reached XP level 6. HP: 37/38 MP: 6/6
  1951 | D:3      | Found a burning altar of Makhleb.
  2001 | D:3      | 2001 ||| READING 3 scrolls labelled PAEJAXK ZIVI.
  2004 | D:3      | 2004 ||| READING scroll labelled DOM XOUBROLOYCHERGH.
  2005 | D:3      | 2005 ||| DRINKING 3 viscous dark potions.
  2006 | D:3      | 2006 ||| DRINKING 2 clear potions.
  2007 | D:3      | 2007 ||| DRINKING 2 red potions.
  2060 | D:3      | 2060 ||| READING 3 scrolls of identify.
  2060 | D:3      | 2060 ||| IDENTIFYING glowing purple potion
  2061 | D:3      | 2061 ||| READING 2 scrolls of identify.
  2061 | D:3      | 2061 ||| IDENTIFYING ruby potion
  2062 | D:3      | 2062 ||| DROPPING potion of attraction.
  2063 | D:3      | 2063 ||| DROPPING 2 potions of brilliance.
  2064 | D:3      | 2064 ||| DROPPING potion of lignification.
  2377 | D:4      | Found a staircase to the Ecumenical Temple.
  2378 | D:4      | 2378 ||| PLANNING TEMPLE
  2386 | Temple   | Entered the Ecumenical Temple
  2387 | Temple   | 2387 ||| PLANNING D:1-11
  2529 | D:4      | Reached skill level 7 in Ranged Weapons
  2669 | D:4      | Reached XP level 7. HP: 43/43 MP: 7/7
  2940 | D:4      | Found a runed translucent door.
  2941 | D:4      | Noticed Crazy Yiuf
  2962 | D:4      | Noticed Dowan
  2964 | D:4      | Noticed Duvessa
  2965 | D:4      | Killed Dowan
  2970 | D:4      | HP: 5/43 [Duvessa/+0 short sword (9)]
  2971 | D:4      | 2971 ||| READING 2 scrolls of teleportation.
  2972 | D:4      | 2972 ||| DRINKING potion of heal wounds.
  2975 | D:4      | 2975 ||| READING scroll of teleportation.
  2976 | D:4      | Mangled by Crazy Yiuf

Levels and vault maps discovered:
D:1:      lemuel_arrival_broad_hall, layout_basic, serial_shops,
          nicolae_shop_drivethru, nicolae_shop_rolling_square,
          nicolae_shop_window_shopping, minmay_octomino_e4
D:2:      layout_loops_cross, uniq_natasha
D:3:      minmay_bubble_buster, layout_rooms, lemuel_crystal_altar,
          mainiacjoe_overflow_brackets, mainiacjoe_overflow_boulevard,
          serial_shops, shop
D:4:      layout_layer_cave, minmay_temple_entry_junction,
          uniq_crazy_yiuf_cottage, uniq_duvessa
Temple:   cyrus_circular_temple

Skill      XL: |  1  2  3  4  5  6 |
---------------+-------------------+-----
Ranged Weapons | 5 6 7 |  7.7
Fighting       | 3 4 |  4.0
Armour         | 1 |  1.4
Dodging        | |  1.5
Stealth        | |  1.1

Action                     |  1- 3 |  4- 6 |  7- 9 || total
---------------------------+-------+-------+-------++-------
   Fire: Shortbow          |    89 |   152 |    25 ||   266
    Use: Scroll            |     6 |     6 |     2 ||    14
         Potion            |       |     4 |     1 ||     5
 Armour: Leather armour    |    10 |    22 |       ||    32
         Ring mail         |       |    40 |     3 ||    43
  Dodge: Dodged            |    23 |    85 |     9 ||   117

Table legend:
 A = Non-vault XP
 B = Vault XP
 C = Vault XP percentage of total XP
 D = Non-vault monster count
 E = Vault monster count
 F = Vault count percentage of total count
                 A         B        C        D         E       F
            +---------+---------+-------+---------+---------+-------
      Total |     577 |     186 |  24.4 |      70 |      24 |  25.5
            +---------+---------+-------+---------+---------+-------
        D:1 |      37 |       2 |   5.1 |      22 |       2 |   8.3
        D:2 |     123 |      33 |  21.2 |      15 |       1 |   6.2
        D:3 |      64 |      84 |  56.8 |      13 |      20 |  60.6
        D:4 |     353 |      67 |  16.0 |      20 |       1 |   4.8
            +---------+---------+-------+---------+---------+-------
